 Dungeon Crawl Stone Soup version 0.31-a0-1074-g0b22e4e0f1 (webtiles) character file.

Game seed: 2287498940768049194

916 wildpjah the Chopper (level 7, -2/61 HPs)
             Began as a Minotaur Fighter on Dec 5, 2023.
             Was an Initiate of Qazlal.
             Succumbed to Edmund's poison
             ... on level 5 of the Dungeon.
             The game lasted 00:09:33 (3627 turns).

wildpjah the Chopper (Minotaur Fighter)             Turns: 3627, Time: 00:09:33

Health: -2/61      AC: 21    Str: 22    XL:     7   Next: 83%
Magic:  6/6        EV:  3    Int:  5    God:    Qazlal [......]
Gold:   194        SH:  5    Dex: 10    Spells: 6/6 levels left

rFire   . . .        a - +0 war axe
rCold   . . .        c - +0 buckler
rNeg    . . .        i - +0 crystal plate armour
rPois   .            (helmet restricted)
rElec   .            (no cloak)
rCorr   .            f - +1 pair of gloves
SInv    .            s - +0 pair of boots
Will    .....        (no amulet) Stlth
                     (no ring)
HPRegen 0.30/turn    (no ring)
MPRegen 0.10/turn

%: no passive effects
@: lethally poisoned (-2 -> -22)
A: horns 2, retaliatory headbutt
a: Renounce Religion


You were on level 5 of the Dungeon.
You worshipped Qazlal.
Qazlal was noncommittal.
You visited 1 branch of the dungeon, and saw 5 of its levels.

You collected 194 gold pieces.

Inventory:

Hand Weapons
 a - a +0 war axe (weapon)
 n - a +1 flail of protection
Missiles
 t - 3 silver javelins
 w - 4 boomerangs (quivered)
Armour
 c - a +0 buckler (worn)
 f - a +1 pair of gloves (worn)
 i - a +0 crystal plate armour (worn)
 s - a +0 pair of boots (worn)
 u - the +4 ring mail of Remeloyh {Rampage +Inv rC+}
   (You found it on level 4 of the Dungeon)

   rC+:       It protects you from cold.
   +Inv:      It lets you turn invisible.
   Rampage:   It bestows one free step when moving towards enemies.
Scrolls
 b - a scroll of revelation {unknown}
 e - 8 scrolls of identify {unknown}
 g - a scroll of fog {unknown}
 h - a scroll of poison {unknown}
 l - 2 scrolls of teleportation {unknown}
 m - a scroll of enchant weapon {unknown}
 o - 3 scrolls of vulnerability {unknown}
Potions
 d - 6 potions of might
 j - 3 potions of curing {unknown}
 k - a potion of attraction {unknown}
 p - 4 potions of haste {unknown}
 r - 3 potions of lignification {unknown}
 v - a potion of berserk rage {unknown}


   Skills:
 + Level 5.6 Fighting
 + Level 7.5 Axes
 + Level 1.0(4.7) Maces & Flails
 + Level 1.1 Throwing
 + Level 6.3 Armour
 + Level 0.8 Stealth
 + Level 4.9 Shields


You had 6 spell levels left.
You didn't know any spells.
Your spell library contained the following spells:

 Spells                   Type           Power      Damage    Failure   Level
 Magic Dart               Conj           0%         1d3       100%        1
 Searing Ray              Conj           0%         2d4       100%        2
 Fulminant Prism          Conj/Hex       0%         3d5       100%        4


Dungeon Overview and Level Annotations

Branches:
Dungeon (5/15)
 Temple: D:4-7

Altars:
Qazlal
Uskayaw


Innate Abilities, Weirdness & Mutations

You have a pair of horns on your head.
You reflexively headbutt those who attack you in melee.


Message History

Edmund hits you with a +2 dire flail of venom.
You are more poisoned.
You barely miss Edmund. Your headbutt misses Edmund.
Edmund is severely wounded.
You hit the phantom.
You feel extremely sick. The phantom completely misses you.
Edmund completely misses you. You furiously retaliate!
You headbutt Edmund. You barely miss Edmund.
Edmund is severely wounded.
You closely miss the phantom.
You feel very sick.
The phantom hits you but does no damage.
Edmund hits you with a +2 dire flail of venom!
You are lethally poisoned!
You hit Edmund. You headbutt Edmund.
Edmund is severely wounded.
You barely miss the phantom.
* * * LOW HITPOINT WARNING * * *
You feel extremely sick. Edmund hits you but does no damage.
You are more poisoned.
The phantom barely misses you.
You slash Edmund!
You kill Edmund!
Qazlal accepts your kill.
You hit the phantom but do no damage.
* * * LOW HITPOINT WARNING * * *
You feel extremely sick.
The phantom hits you but does no damage.
Your base Maces & Flails skill increases to level 1!
* * * LOW HITPOINT WARNING * * *
You feel very sick.
The phantom hits you but does no damage.
Things that are here:
a +2 dire flail of venom; a +0 leather armour Unknown command.
You barely miss the phantom.
The phantom is moderately damaged.
You die...

#...###....### ##.....
#.......#..#.##.#.....
###....)...............#
.......).........#.#...#
.....<.................
..)..#.....#.......##. #
......##..##....!..##...
.##.......##............
##.......##..##.@W##....
#......###........# ...
#..#..## ###.......# ..
####.### #...(..##
#....# ##..#... ##..##
### .>.. #.## ..... ###
..####


You could see a phantom.

Vanquished Creatures
  Sigmund (D:3)
  Edmund (D:5)
  A bullfrog (D:4)
  A gnoll sergeant (D:4)
  3 hounds
  An orc priest (D:3)
  Natasha (twice) (D:3)
  An iguana (D:5)
  4 orc wizards
  8 gnolls
  5 adders
  A worm (D:4)
  A dart slug (D:4)
  13 orcs
  10 endoplasms
  4 giant cockroaches
  7 goblins
  8 hobgoblins
  2 jackals (D:2)
  9 kobolds
  5 quokkas
  8 ball pythons
  3 bats
  8 frilled lizards (D:1)
  6 rats
113 creatures vanquished.

Notes
Turn   | Place    | Note
-------+----------+-------------------------------------------
     0 | D:1      | wildpjah the Minotaur Fighter began the quest for the Orb.
     0 | D:1      | Reached XP level 1. HP: 19/19 MP: 0/0
   160 | D:1      | Reached XP level 2. HP: 27/27 MP: 1/1
   453 | D:1      | Reached skill level 3 in Axes
   454 | D:1      | Reached XP level 3. HP: 33/33 MP: 2/2
   850 | D:2      | Reached XP level 4. HP: 12/40 MP: 3/3
  1848 | D:3      | Noticed Sigmund
  1865 | D:3      | Killed Sigmund
  1866 | D:3      | Reached skill level 5 in Axes
  1866 | D:3      | Reached skill level 5 in Armour
  1866 | D:3      | Reached XP level 5. HP: 35/47 MP: 4/4
  1866 | D:3      | Reached XP level 6. HP: 39/53 MP: 5/5
  2098 | D:3      | Noticed Natasha
  2103 | D:3      | Killed Natasha
  2114 | D:3      | Reached skill level 5 in Fighting
  2393 | D:3      | Noticed Natasha
  2401 | D:3      | Killed Natasha
  2402 | D:3      | Reached skill level 6 in Axes
  2659 | D:4      | Reached XP level 7. HP: 61/61 MP: 6/6
  2761 | D:4      | Identified the +4 ring mail of Remeloyh {Rampage +Inv rC+}
  2874 | D:4      | Found a stormy altar of Qazlal.
  2881 | D:4      | Became a worshipper of Qazlal Stormbringer
  3140 | D:4      | Found a hide-covered altar of Uskayaw.
  3144 | D:4      | Noticed a +0 dagger
  3145 | D:4      | Noticed a +0 dagger
  3492 | D:5      | Entered Level 5 of the Dungeon
  3539 | D:4      | Reached skill level 7 in Axes
  3604 | D:5      | Reached skill level 1 in Throwing
  3614 | D:5      | Noticed Edmund
  3625 | D:5      | Killed Edmund
  3626 | D:5      | Reached skill level 1 in Maces & Flails
  3627 | D:5      | Succumbed to Edmund's poison

Illustrated notes

Levels and vault maps discovered:
D:1:      minmay_arrival_stair_chambers, layout_basic, serial_forest,
          infiniplex_forest_lined_3_way, infiniplex_forest_diagonal,
          infiniplex_forest_straight_5, infiniplex_forest_lined_2,
          infiniplex_forest_clump_tiny, infiniplex_forest_end_2,
          infiniplex_forest_clump_small, infiniplex_forest_straight_2,
          minmay_lizard_pond
D:2:      layout_loops_cross
D:3:      layout_loops_ring, chequers_serial_rivers_micro_b, grunt_ministairs_6,
          minmay_ruptured, uniq_sigmund, uniq_natasha
D:4:      layout_basic, nicolae_qazlal_eye_of_the_storm, dancing_weapons_uskayaw
D:5:      layout_cave_pools, nicolae_elevator_lobby_plus, uniq_edmund

Skill      XL: |  1  2  3  4  5  6  7 |
---------------+----------------------+-----
Armour         | 4 5 6 |  6.3
Axes           | 3 5 6 7 |  7.5
Fighting       | 4 5 |  5.6
Shields        | 4 |  4.9
Throwing       | 1 |  1.1
Maces & Flails | 1 |  1.0
Stealth        | |  0.8

Action                     |  1- 3 |  4- 6 |  7- 9 || total
---------------------------+-------+-------+-------++-------
  Melee: War axe           |   136 |   116 |    70 ||   322
         Headbutt          |    29 |    22 |    16 ||    67
         Flail             |       |    10 |    13 ||    23
  Throw: Stone             |       |     5 |     4 ||     9
         Boomerang         |       |       |     3 ||     3
         Javelin           |       |       |     1 ||     1
 Armour: Scale mail        |    17 |       |       ||    17
         Crystal plate arm |    58 |   137 |    99 ||   294
         Ring mail         |       |       |     1 ||     1
  Dodge: Dodged            |    19 |    19 |    14 ||    52
  Block: Buckler           |    17 |    22 |     7 ||    46

Table legend: (Time is in decaauts)
 A = Elapsed time spent in this place.
 B = Non-inter-level travel time spent in this place.
 C = Inter-level travel time spent in this place.
 D = Time resting spent in this place.
 E = Time spent auto-exploring this place.
 F = Levels seen in this place.
 G = Mean time per level.
                   A        B        C        D        E       F      G
               +--------+--------+--------+--------+--------+-----+--------+
         Total |   3737 |   3534 |    203 |     56 |   2604 |   5 |  747.4 |
       Dungeon |   3737 |   3534 |    203 |     56 |   2604 |   5 |  747.4 |
               +--------+--------+--------+--------+--------+-----+--------+

Top non-repeatable levels by time:
     D:4: 1011 daAuts
     D:3: 998 daAuts
     D:1: 842 daAuts
     D:2: 818 daAuts
     D:5: 67 daAuts
